 Seeded DCSS version 0.31-a0-774-g0d66cbabe8 (webtiles) character file.

Game seed: 42 (custom seed)

1250 Danienth the Grave Robber (level 8, 0/58 HPs)
             Began as a Demonspawn Necromancer on Sept 18, 2023.
             Was a Priest of Nemelex Xobeh.
             Slain by an orc warrior
             ... wielding a +0 heavy scimitar
              (17 damage)
             ... on level 6 of the Dungeon.
             The game lasted 00:47:43 (4819 turns).

Danienth the Grave Robber (Demonspawn Necromancer)  Turns: 4819, Time: 00:47:43

Health: 0/58       AC:  9    Str:  9    XL:     8   Next: 26%
Magic:  1/13       EV: 13    Int: 16    God:    Nemelex Xobeh [***...]
Gold:   204        SH:  0    Dex: 16    Spells: 5/14 levels left

rFire   + . .        w - +0 dagger (freeze)
rCold   x . .        (no shield)
rNeg    . . .        b - +2 robe {Will+}
rPois   .            s - +1 helmet
rElec   .            (no cloak)
rCorr   .            (no gloves)
SInv    .            i - +0 pair of boots
Will    +....        g - amulet of faith
Stlth   ++           x - ring of fire
HPRegen 0.29/turn    (no ring)
MPRegen 0.13/turn

%: faith
@: animating dead
A: claws 2, molten scales 1, spiny 2
a: Renounce Religion, Draw Escape, Draw Destruction, Draw Summoning, Triple Draw


You were on level 6 of the Dungeon.
You worshipped Nemelex Xobeh.
Nemelex Xobeh was most pleased with you.
You visited 1 branch of the dungeon, and saw 5 of its levels.

You collected 204 gold pieces.

Inventory:

Hand Weapons
 j - a +1 short sword of venom
 r - a +0 sling of freezing
 w - a +0 dagger of freezing (weapon)
 y - a +0 sling of draining
Missiles
 v - 15 poisoned darts
Armour
 b - a +2 robe of willpower (worn)
 i - a +0 pair of boots (worn)
 s - a +1 helmet (worn)
Magical Staves
 f - a staff of earth
Jewellery
 g - an amulet of faith (around neck)
 x - a ring of fire (left claw)
Wands
 h - a wand of quicksilver (9)
Scrolls
 d - a scroll of fear
 k - a scroll of silence {unknown}
 l - 2 scrolls of immolation
 m - a scroll of enchant weapon {unknown}
 n - a scroll of enchant armour {unknown}
 p - a scroll of blinking {unknown}
 t - 3 scrolls of teleportation
Potions
 a - a potion of degeneration {unknown}
 c - a potion of curing {unknown}
 e - a potion of enlightenment
 o - a potion of invisibility
 q - a potion of heal wounds
 u - a potion of lignification


   Skills:
 - Level 3.1 Fighting
 * Level 2.5 Short Blades
 - Level 4.0 Ranged Weapons
 * Level 4.0 Dodging
 - Level 3.0 Stealth
 * Level 3.6 Spellcasting
 * Level 2.7 Conjurations
 * Level 5.2 Necromancy
 * Level 1.5 Ice Magic


You had 5 spell levels left.
You knew the following spells:

 Your Spells              Type           Power      Damage    Failure   Level
a - Necrotise             Necr           76%        1d7       1%          1
b - Animate Dead          Necr           19%        N/A       21%         4
c - Vampiric Draining     Necr           19%        2d7       6%          3
d - Freeze                Ice            28%        1d5       10%         1

Your spell library contained the following spells:

 Spells                   Type           Power      Damage    Failure   Level
 Magic Dart               Conj           44%        1d5       6%          1
 Hailstorm                Conj/Ice       9%         3d4       22%         3
 Call Imp                 Summ           4%         N/A       26%         2
 Frozen Ramparts          Ice            14%        1d3       28%         3
 Stone Arrow              Conj/Erth      14%        3d7       30%         3
 Mephitic Cloud           Conj/Pois/Air  5%         N/A       36%         3
 Summon Guardian Golem    Hex/Summ       2%         N/A       47%         3
 Agony                    Necr           19%        N/A       50%         5
 Animate Armour           Summ/Erth      4%         N/A       87%         4
 Orb of Destruction       Conj           5%         9d5       100%        7
 Spellforged Servitor     Conj/Summ      3%         N/A       100%        7
 Lehudib's Crystal Spear  Conj/Erth      3%         10d3      100%        8


Dungeon Overview and Level Annotations

Branches:
Dungeon (6/15)             Temple (0/1) D:6

Altars:
Hepliaklqana
Nemelex Xobeh
Uskayaw

Shops:
D:2 :


Innate Abilities, Weirdness & Mutations

You have very sharp fingernails.
You are partially covered in molten scales. (AC +2)
You are mostly covered in sharp spines.


Message History

The orc warrior hits you with a +0 heavy scimitar!!
* * * LOW HITPOINT WARNING * * *
Your orc skeleton hits the orc.
Casting: Animate Dead (quite dangerous; 21% risk of failure)
Confirm with . or Enter, or press ? or * to list all spells.
Aiming: Vampiric Draining (dangerous; 6% risk of failure)
Press: ? - help, Shift-Dir - straight line, f - orc
Aim: an orc, wielding a +0 dagger (moderately wounded, ally target)
You draw life force from the orc.
You feel life coursing into your body.
Your orc priest zombie hits the orc warrior.
The orc misses you.
Your orc zombie closely misses the orc.
The orc warrior hits you with a +0 heavy scimitar.
* * * LOW HITPOINT WARNING * * *
Casting: Vampiric Draining (dangerous; 6% risk of failure)
Confirm with . or Enter, or press ? or * to list all spells.
Aiming: Vampiric Draining (dangerous; 6% risk of failure)
Press: ? - help, Shift-Dir - straight line, f - orc warrior, p - orc
Aim: an orc warrior, wielding a +0 heavy scimitar, wearing a +0 chain mail and quivering boomerangs (lightly wounded, ally target)
You draw life force from the orc warrior.
You feel life coursing into your body.
Your orc skeleton barely misses the orc.
Your steam dragon zombie misses the orc warrior.
Your steam dragon zombie claws the orc warrior but does no damage.
The orc is struck by your spines.
You kill the orc!
The dead are walking!
Your orc priest zombie hits the orc warrior but does no damage.
Your orc zombie hits the orc warrior.
Casting: Vampiric Draining (dangerous; 6% risk of failure)
Confirm with . or Enter, or press ? or * to list all spells.
You don't have enough magic to cast this spell.
Hit: w) +0 dagger (freeze)
Press: ? - help, Dir - move target, f/p - orc warrior
Aim: an orc warrior, wielding a +0 heavy scimitar, wearing a +0 chain mail and quivering boomerangs (moderately wounded, not watching you, ally target, about 37% to evade your +0 dagger of freezing)
You hit the orc warrior but do no damage.
The orc warrior is moderately wounded.
The orc warrior is struck by your spines.
The orc warrior hits you with a +0 heavy scimitar!
You die...
Your body glows with a rainbow of weird colours and disappears.

# #...## # #...#
##### #...##
....####...#
.......##..####
.>.###........#
....##.##..##.#####
....##............##
.#...####.....?Z@ZZ#
.##..........(..o).Z#
..
####.##......Z....#
#.#
#.##..........)..# .#
# #.............? ..
................ ..
#.#........####.
#...........


You could see an orc warrior (ally target), a friendly steam dragon zombie, 2
friendly orc zombies, a friendly orc priest zombie and a friendly orc skeleton.

Vanquished Creatures
  A steam dragon (D:6)
  2 water moccasins
  An orc warrior (D:6)
  A phantom (D:5)
  A kobold brigand (D:5)
  A bullfrog (D:6)
  2 scorpions (D:5)
  A howler monkey (D:5)
  3 hounds (D:5)
  2 orc priests (D:6)
  A sleepcap (D:5)
  An orc wizard (D:6)
  Robin (D:2)
  6 adders
  2 white imps (D:5)
  3 worms (D:3)
  2 dart slugs
  14 orcs
  4 endoplasms
  A giant cockroach (D:1)
  9 goblins
  5 hobgoblins
  3 jackals (D:3)
  2 quokkas (D:3)
  4 ball pythons
  4 bats
  3 frilled lizards
  14 kobolds
  5 rats
99 creatures vanquished.

Vanquished Creatures (collateral kills)
  An orc priest (D:6)
  Terence (D:2)
  A shadow imp (D:6)
  A kobold (D:5)
4 creatures vanquished.

Vanquished Creatures (others)
  A bullfrog zombie (D:6)
  5 kobold zombies (D:5)
  5 orc zombies
11 creatures vanquished.

Grand Total: 114 creatures vanquished

Notes
Turn   | Place    | Note
-------+----------+-------------------------------------------
     0 | D:1      | Danienth the Demonspawn Necromancer began the quest for the
                  | Orb.
     0 | D:1      | Reached XP level 1. HP: 13/13 MP: 3/3
   303 | D:1      | Gained mutation: You are partially covered in sharp spines.
                  | [demonic ancestry]
   303 | D:1      | Reached XP level 2. HP: 19/19 MP: 1/5
   506 | D:1      | Learned a level 1 spell: Magic Dart
   949 | D:2      | Noticed Terence
   967 | D:2      | Killed Terence
   968 | D:2      | Reached skill level 1 in Fighting
   968 | D:2      | Reached XP level 3. HP: 4/26 MP: 0/6
  1074 | D:2      | Found a faded altar of an unknown god.
  1084 | D:2      | Prayed at the altar of an unknown god.
  1084 | D:2      | Became a worshipper of Nemelex Xobeh the Trickster
  1084 | D:2      | Reached * piety under Nemelex Xobeh
  1084 | D:2      | Received a gift from Nemelex Xobeh
  1341 | D:2      | Learned a level 3 spell: Vampiric Draining
  1405 | D:2      | Found Offeutur's Book Shop.
  1419 | D:2      | Learned a level 1 spell: Freeze
  1479 | D:2      | Gained mutation: You have sharp fingernails. [demonic
                  | ancestry]
  1479 | D:2      | Reached XP level 4. HP: 33/33 MP: 3/7
  1637 | D:2      | Noticed Robin
  1871 | D:2      | Killed Robin
  2332 | D:3      | Noticed a water moccasin
  2346 | D:3      | Killed a water moccasin
  2347 | D:3      | Reached skill level 1 in Ranged Weapons
  2347 | D:3      | Gained mutation: You have very sharp fingernails. [demonic
                  | ancestry]
  2347 | D:3      | Reached XP level 5. HP: 32/38 MP: 1/9
  3092 | D:3      | Reached ** piety under Nemelex Xobeh
  3208 | D:3      | Found a hide-covered altar of Uskayaw.
  3211 | D:3      | Found a hazy altar of Hepliaklqana.
  3242 | D:3      | Learned a level 4 spell: Animate Dead
  3551 | D:3      | You fall into a shaft and drop 2 floors!
  3551 | D:5      | Entered Level 5 of the Dungeon
  3594 | D:5      | Gained mutation: You are mostly covered in sharp spines.
                  | [demonic ancestry]
  3594 | D:5      | Reached XP level 6. HP: 32/46 MP: 1/10
  3671 | D:5      | Received a gift from Nemelex Xobeh
  3813 | D:5      | Noticed a water moccasin
  3819 | D:5      | Killed a water moccasin
  3910 | D:5      | Reached skill level 1 in Short Blades
  3910 | D:5      | Gained mutation: You are partially covered in molten
                  | scales. (AC +2) [demonic ancestry]
  3910 | D:5      | Reached XP level 7. HP: 48/51 MP: 6/11
  4073 | D:5      | Reached skill level 1 in Conjurations
  4581 | D:5      | Received a gift from Nemelex Xobeh
  4653 | D:6      | Reached skill level 1 in Ice Magic
  4662 | D:6      | Reached skill level 5 in Necromancy
  4662 | D:6      | Reached XP level 8. HP: 38/58 MP: 1/12
  4670 | D:6      | Found a staircase to the Ecumenical Temple.
  4784 | D:6      | Reached *** piety under Nemelex Xobeh
  4819 | D:6      | Slain by an orc warrior

Illustrated notes

Levels and vault maps discovered:
D:1:      lemuel_arrival_funnel, layout_loops_cross, nrook_mini_backslash
D:2:      layout_basic, serial_shops,
          nicolae_shop_temple_entry_statues_fountains,
          hellmonk_ecumenical_altar_lost_god, grunt_ministairs_7,
          minmay_tromino_v7, uniq_robin, uniq_terence
D:3:      layout_basic, nicolae_overflow_squiral
D:5:      layout_basic, grunt_ministairs_2, nicolae_nh_ransacked_shop
D:6:      layout_rooms, minmay_temple_entry_offerings, uniq_crazy_yiuf_cottage

Skill      XL: |  1  2  3  4  5  6  7  8 |
---------------+-------------------------+-----
Stealth        | 2 3 |  3.0
Fighting       | 1 2 3 |  3.1
Dodging        | 2 3 4 |  4.0
Ranged Weapons | 1 2 4 |  4.0
Spellcasting   | 3 |  3.6
Short Blades   | 1 2 |  2.5
Conjurations   | 2 |  2.7
Ice Magic      | 1 |  1.5
Necromancy     | 5 |  5.2

Action                     |  1- 3 |  4- 6 |  7- 9 || total
---------------------------+-------+-------+-------++-------
  Melee: Short sword       |    37 |       |       ||    37
         Unarmed           |     4 |       |       ||     4
         Dagger            |       |       |    19 ||    19
         Punch             |       |       |     1 ||     1
   Fire: Sling             |       |   104 |    65 ||   169
   Cast: Necrotise         |    39 |    17 |     6 ||    62
         Freeze            |     1 |    15 |     6 ||    22
         Animate Dead      |       |     2 |     2 ||     4
         Vampiric Draining |       |       |     4 ||     4
 Invoke: Draw Destruction  |       |     2 |     2 ||     4
  Evoke: Wand              |       |       |     1 ||     1
    Use: Potion            |     1 |     3 |       ||     4
         Scroll            |     3 |    11 |     2 ||    16
   Stab: Sleeping          |     2 |       |       ||     2
 Armour: Robe              |    29 |    26 |    45 ||   100
  Dodge: Dodged            |    29 |    41 |    30 ||   100

Table legend: (Time is in decaauts)
 A = Elapsed time spent in this place.
 B = Non-inter-level travel time spent in this place.
 C = Inter-level travel time spent in this place.
 D = Time resting spent in this place.
 E = Time spent auto-exploring this place.
 F = Levels seen in this place.
 G = Mean time per level.
                   A        B        C        D        E       F      G
               +--------+--------+--------+--------+--------+-----+--------+
         Total |   4841 |   4704 |    137 |   1164 |   2825 |   5 |  968.2 |
       Dungeon |   4841 |   4704 |    137 |   1164 |   2825 |   5 |  968.2 |
               +--------+--------+--------+--------+--------+-----+--------+

Top non-repeatable levels by time:
     D:3: 1400 daAuts
     D:2: 1207 daAuts
     D:5: 1088 daAuts
     D:1: 944 daAuts
     D:6: 200 daAuts
